 Dungeon Crawl Stone Soup version 0.27-a0-122-g58b3cc3132 (webtiles) character file.

Game seed: 4155187907705188427

175049 PentaManta the Brawler (level 17, -1/182 HPs)
             Began as a Troll Abyssal Knight on Jan 25, 2021.
             Was the Champion of Lugonu.
             Succumbed to a redback's poison
             ... on level 3 of the Spider Nest.
             The game lasted 01:44:50 (31345 turns).

PentaManta the Brawler (Troll Abyssal Knight)      Turns: 31345, Time: 01:44:50

Health: -1/182     AC: 22    Str: 29    XL:     17   Next: 46%
Magic:  0/22       EV: 10    Int: 11    God:    Lugonu [******]
Gold:   1802       SH: 28    Dex:  9    Spells: 16/16 levels left

rFire    . . .     SeeInvis .     - Unarmed
rCold    . . .     Faith    .   V - +2 tower shield
rNeg     . . .     Spirit   .   X - +2 shadow dragon scales
rPois    +         Reflect  +   i - +2 hat {Int+3}
rElec    .         Harm     .   U - +0 cloak
rCorr    +         Rampage  .   (gloves unavailable)
Will     +....                  (boots unavailable)
Stlth    ++........             f - amulet of reflection
HPRegen  0.80/turn              B - ring of resist corrosion
MPRegen  0.18/turn              D - ring of poison resistance

@: mighty, lethally poisoned (-1 -> -10), berserk cooldown, slowed, studying
Fighting, very slow
A: large, unfitting armour, claws 3, regeneration 1, shaggy fur 1, tough skin 3
a: Renounce Religion, Depart the Abyss, Bend Space, Banish, Corrupt, Enter the
Abyss, Brand Weapon With Distortion


You were on level 3 of the Spider Nest.
You worshipped Lugonu.
Lugonu was exalted by your worship.
You visited 6 branches of the dungeon, and saw 29 of its levels.
You visited the Abyss 1 time.
You also visited: Bailey, Gauntlet and Ice Cave.

You collected 3855 gold pieces.
You spent 2053 gold pieces at shops.

Inventory:

Hand Weapons
 P - a +2 dagger of venom
Missiles
 h - 11 large rocks
 q - 61 javelins (quivered)
 K - 2 throwing nets
 Q - 4 curare-tipped darts
Armour
 i - a +2 hat of intelligence (worn)
 j - the +2 robe of Leaten {rC+}
   (You found it on level 6 of the Dungeon)

   It protects you from cold.
 m - a +2 robe of positive energy
 H - a scarf of shadows
 U - a +0 cloak (worn)
 V - a +2 tower shield (worn)
 X - +2 shadow dragon scales (worn)
Jewellery
 f - an amulet of reflection (around neck)
 o - an uncursed ring of protection from cold
 v - an uncursed ring of positive energy
 z - a +6 ring of intelligence
 B - a ring of resist corrosion (left claw)
 D - a ring of poison resistance (right claw)
 E - an uncursed ring of protection from fire
 G - an uncursed ring of see invisible
 J - an uncursed ring of willpower
 L - an uncursed ring of protection from fire
 O - an uncursed ring of willpower
 Y - an uncursed ring of protection from cold
Wands
 a - a wand of acid (18)
 c - a wand of digging (5)
 C - a wand of iceblast (16)
Scrolls
 g - 20 scrolls of remove curse
 k - 3 scrolls of blinking
 n - 12 scrolls of teleportation
 s - 7 scrolls of fog
 F - 2 scrolls of fear
 T - 3 scrolls of magic mapping
 W - 4 scrolls of enchant armour
 Z - a scroll of summoning
Potions
 b - 8 potions of might
 d - 3 potions of haste
 e - 7 potions of resistance
 l - 2 potions of flight
 p - 4 potions of brilliance
 r - 2 potions of cancellation
 t - 2 potions of invisibility
 u - 10 potions of curing
 w - a potion of berserk rage
 x - 5 potions of heal wounds
 A - 4 potions of ambrosia
 I - 2 potions of lignification
 M - 4 potions of mutation
Books
 y - a manual of Fighting
Miscellaneous
 R - a phial of floods
 S - a condenser vane


   Skills:
 - Level 14.4 Fighting
 - Level 7.0 Armour
 - Level 10.0 Dodging
 * Level 14.8 Shields
 + Level 15.5 Unarmed Combat
 - Level 8.0 Invocations


You had 16 spell levels left.
You didn't know any spells.
Your spell library contained the following spells:

 Spells                   Type           Power        Failure   Level
 Corona                   Hex            0%           86%         1
 Magic Dart               Conj           0%           86%         1
 Summon Small Mammal      Summ           0%           86%         1
 Blink                    Tloc           N/A          95%         2
 Call Imp                 Summ           0%           95%         2
 Corpse Rot               Necr/Air       N/A          95%         2
 Poisonous Vapours        Pois/Air       0%           95%         2
 Searing Ray              Conj           0%           95%         2
 Slow                     Hex            0%           95%         2
 Sublimation of Blood     Necr           0%           95%         2
 Swiftness                Air            0%           95%         2
 Call Canine Familiar     Summ           0%           99%         3
 Conjure Flame            Conj/Fire      0%           99%         3
 Dazzling Flash           Conj/Hex       0%           99%         3
 Ignite Poison            Fire/Tmut/Pois 0%           99%         3
 Inner Flame              Hex/Fire       0%           99%         3
 Mephitic Cloud           Conj/Pois/Air  0%           99%         3
 Portal Projectile        Hex/Tloc       0%           99%         3
 Static Discharge         Conj/Air       0%           99%         3
 Stone Arrow              Conj/Erth      0%           99%         3
 Summon Guardian Golem    Hex/Summ       0%           99%         3
 Cause Fear               Hex            0%           100%        4
 Dispel Undead            Necr           0%           100%        4
 Fulminant Prism          Conj/Hex       0%           100%        4
 Iskenderun's Mystic Bla  Conj/Tloc      0%           100%        4
 Leda's Liquefaction      Hex/Erth       0%           100%        4
 Summon Ice Beast         Ice/Summ       0%           100%        4
 Summon Lightning Spire   Summ/Air       0%           100%        4
 Agony                    Necr           0%           100%        5
 Bolt of Magma            Conj/Fire/Erth 0%           100%        5
 Excruciating Wounds      Necr           0%           100%        5
 Irradiate                Conj/Tmut      0%           100%        5
 Lightning Bolt           Conj/Air       0%           100%        5
 Silence                  Hex/Air        0%           100%        5
 Summon Forest            Summ/Tloc      0%           100%        5
 Conjure Ball Lightning   Conj/Air       0%           100%        6
 Eringya's Noxious Bog    Tmut/Pois      0%           100%        6
 Freezing Cloud           Conj/Ice/Air   0%           100%        6
 Hydra Form               Tmut           0%           100%        6
 Iron Shot                Conj/Erth      0%           100%        6
 Statue Form              Tmut/Erth      0%           100%        6
 Dragon Form              Tmut           0%           100%        7
 Summon Hydra             Summ           0%           100%        7
 Ignition                 Fire           0%           100%        8
 Shatter                  Erth           0%           100%        9
 Tornado                  Air            0%           100%        9


Dungeon Overview and Level Annotations

Branches:
Dungeon (15/15)            Temple (1/1) D:5            Lair (5/6) D:8
 Shoals (2/4) Lair:2       Spider (4/4) Lair:4        Slime (0/5) Lair:5
    Orc (2/2) D:11            Elf (0/3) Orc:2        Vaults (0/5) D:13
 Depths (0/5) D:15         Bailey (visited)           IceCv (visited)
Gauntlet (visited)

Altars:
Ashenzari
Cheibriados
Dithmenos
Elyvilon
Fedhas
Gozag
Hepliaklqana
Kikubaaqudgha
Makhleb
Nemelex Xobeh
Okawaru
Qazlal
Ru
Sif Muna
Trog
Uskayaw
Vehumet
Wu Jian
Xom
Yredelemnul
Zin
The Shining One
Jiyva
Lugonu

Shops:
D:7 (   D:9 *   D:10 :   D:12 *   Orc:2 (*!![

Portals:
Abyss: D:15

Annotations:
Lair:5 Eaths manual


Innate Abilities, Weirdness & Mutations

You are too large for most types of armour.
You have claws for hands.
Your natural rate of healing is unusually fast.
You are covered in fur. (AC +1)
You have extremely tough skin. (AC +3)


Message History

Lugonu accepts your kill.
You feel sick.
You feel you are being watched by something.
You feel your power leaking away. Something hits you but does no damage.
You block something's attack. x2
* * * LOW HITPOINT WARNING * * *
You feel sick.
The jumping spider leaps!
There is a stone staircase leading up here.
Unknown command.
You feel a strong urge to attack something.
You are no longer berserk.
You are exhausted.
You feel yourself slow down.
* * * LOW HITPOINT WARNING * * *
You feel sick.
Something hits you but does no damage. x2
Something stings you.
* * * LOW HITPOINT WARNING * * *
You climb upwards.
Reactivating autopickup.
You die...

.<......^......#####...^.#...#
#...^.^........#.##....?.#..##
^.....#^.....^.#........##^.^##
......#^^^.....#.........#....###
......#####....#...^...........#.
.....##^.........^...............
..######...........?.............
..## ##...............^#.^^..[.
...# ##.......@....^#^##....^..
...# #^............####........
.### ##[........#### #....^..^.
.# ##....^.....# ####..###. ##
##.........#####.#### ##
##.........#..^...#.###.
#...^#........^..^...#..
##..###......^...#...#.^ #######
##^# #......##.≈#≈.≈#..


There were no monsters in sight!

Vanquished Creatures
  Roxanne (D:15)
  A frost giant (IceCv)
  Louise (Shoals:2)
  An emperor scorpion (Spider:4)
  4 entropy weavers
  4 spark wasps
  2 minotaurs
  A merfolk javelineer (Shoals:1)
  A merfolk impaler (Shoals:1)
  Josephine (Orc:2)
  Harold (D:11)
  The ghost of Umpaqoo the Geomancer, a journeyman GrEE of the Shining One (D:12)
  2 ice dragons (D:15)
  The ghost of Gwrg the Thaumaturge, a journeyman DrFE of Makhleb (D:11)
  5 hydras
  A vault guard (D:13)
  An alligator snapping turtle (Shoals:2)
  3 centaur warriors
  A merfolk aquamancer (Shoals:1)
  3 merfolk avatars (Shoals:1)
  2 boulder beetles
  A catoblepas (Lair:5)
  An alligator (Shoals:1)
  A satyr (Shoals:1)
  4 two-headed ogres
  2 death yaks
  A tengu warrior (D:13)
  Sonja (D:10)
  4 unseen horrors
  6 sea snakes
  Pikel (D:7)
  2 orc knights
  15 harpies
  A swamp dragon (Lair:3)
  A spectral wolf spider (D:12)
  34 wolf spiders
  4 oklob plants
  19 orb spiders
  A wolf spider zombie (D:12)
  3 cyclopes
  11 manticores
  12 fauns (Shoals:1)
  2 deep elf magi
  13 ugly things
  A moth of wrath (D:11)
  2 orc sorcerers
  A spectral centaur (D:12)
  An ice statue (IceCv)
  3 elephants
  5 black mambas
  A centaur zombie (D:12)
  A merfolk siren (Shoals:1)
  3 centaur skeletons
  5 torpor snails
  13 cane toads
  3 gargoyles
  A water nymph (Shoals:1)
  4 komodo dragons
  3 rime drakes
  A freezing wraith (D:13)
  4 demonic crawlers
  A kobold demonologist (D:12)
  10 merfolk
  2 ice devils (Lair:4)
  A queen bee (Lair:5)
  3 tengu conjurers
  20 polar bears
  7 trolls
  21 jumping spiders
  2 wolf spider simulacra (D:12)
  9 meliai
  12 blink frogs
  A wind drake (Shoals:2)
  10 hornets
  4 snapping turtles (Shoals:1)
  15 dream sheep
  A shadow (D:14)
  2 meliai zombies (D:12)
  35 tarantellas
  38 redbacks
  4 water elementals
  A centaur simulacrum (D:12)
  A vampire (D:11)
  6 wraiths
  52 yaks
  5 basilisks
  10 wyverns
  Edmund (D:5)
  5 vampire mosquitoes
  A steam dragon (Lair:3)
  A soldier ant (D:11)
  2 wargs
  2 acid dragons
  20 water moccasins
  2 black bears
  2 necrophages
  35 orc warriors
  2 sky beasts
  An eye of draining (D:14)
  5 ice beasts
  3 phantoms
  8 ogres
  4 small abominations (Gauntlet)
  27 centaurs
  20 wolves
  2 big kobolds
  22 bullfrogs
  A wyvern skeleton (D:7)
  5 scorpions
  37 killer bees
  13 wights
  6 howler monkeys
  4 electric eels
  A bullfrog zombie (D:9)
  5 bullfrog skeletons
  8 hounds
  5 jellies
  25 orc wizards
  A quasit (D:10)
  8 orc priests
  6 iguanas
  11 worker ants
  A hell rat (Lair:5)
  A killer bee zombie (D:5)
  2 hound zombies
  2 hound skeletons
  2 worker ant zombies
  11 gnolls
  15 adders
  3 shadow imps
  4 white imps
  4 ufetubi
  10 oozes
  An adder skeleton (D:5)
  5 worms
  2 dart slugs (D:1)
  6 leopard geckos
  120 orcs
  4 giant cockroaches
  18 goblins
  11 hobgoblins
  13 jackals
  2 quokkas
  A ball python skeleton (D:4)
  5 bats
  2 frilled lizards
  A jackal skeleton (D:4)
  38 kobolds
  A quokka skeleton (D:8)
  A quokka zombie (D:5)
  8 rats
1098 creatures vanquished.

Vanquished Creatures (others)
  Fannar (Lair:2)
  A manticore (Shoals:2)
  A jumping spider (Spider:2)
  A tarantella (Spider:2)
  A redback (Spider:4)
  A centaur (D:14)
  48 fungi
  A lurking horror (D:15)
  81 plants
  7 toadstools (D:2)
143 creatures vanquished.

Grand Total: 1241 creatures vanquished

Notes
Turn   | Place    | Note
-------+----------+-------------------------------------------
     0 | Abyss:1  | PentaManta the Troll Abyssal Knight began the quest for the
                  | Orb.
     0 | Abyss:1  | Reached XP level 1. HP: 22/22 MP: 1/1
    25 | Abyss:1  | Noticed a spatial vortex
    31 | D:1      | Escaped the Abyss
   107 | D:1      | Reached XP level 2. HP: 29/29 MP: 2/2
   212 | D:1      | Reached skill level 3 in Unarmed Combat
   501 | D:1      | Reached XP level 3. HP: 34/36 MP: 3/3
   880 | D:2      | Reached skill level 4 in Unarmed Combat
   903 | D:2      | Reached ** piety under Lugonu
   915 | D:2      | Found a snail-covered altar of Cheibriados.
  1060 | D:2      | Found a shimmering altar of Xom.
  1114 | D:2      | Noticed a water elemental
  1116 | D:2      | Found a stormy altar of Qazlal.
  1117 | D:2      | Noticed an earth elemental
  1117 | D:2      | Noticed an air elemental
  1117 | D:2      | Noticed a fire elemental
  1291 | D:2      | Reached XP level 4. HP: 40/44 MP: 4/4
  1393 | D:2      | Reached skill level 5 in Unarmed Combat
  1396 | D:2      | Reached XP level 5. HP: 45/50 MP: 5/5
  1753 | D:3      | Reached skill level 6 in Unarmed Combat
  1921 | D:3      | Reached XP level 6. HP: 59/59 MP: 6/6
  1954 | D:3      | Reached *** piety under Lugonu
  2436 | D:4      | Reached skill level 7 in Unarmed Combat
  2737 | D:4      | Reached XP level 7. HP: 61/66 MP: 7/7
  2938 | D:4      | Reached skill level 8 in Unarmed Combat
  3173 | D:5      | Entered Level 5 of the Dungeon
  3387 | D:5      | Found a staircase to the Ecumenical Temple.
  3397 | D:5      | Reached **** piety under Lugonu
  3423 | Temple   | Entered the Ecumenical Temple
  3652 | D:5      | Found a sparkling altar of Nemelex Xobeh.
  3652 | D:5      | Found a transporter.
  3667 | D:5      | Reached skill level 9 in Unarmed Combat
  3667 | D:5      | Reached XP level 8. HP: 74/74 MP: 8/8
  4116 | D:5      | Noticed Edmund
  4129 | D:5      | Killed Edmund
  4597 | D:6      | Got a faintly glowing robe
  4608 | D:6      | Identified the +2 robe of Leaten {rC+} (You found it on
                  | level 6 of the Dungeon)
  4741 | D:6      | Reached XP level 9. HP: 56/84 MP: 9/11
  4848 | D:7      | Noticed Pikel
  4866 | D:7      | Killed Pikel
  4966 | D:7      | Reached skill level 10 in Unarmed Combat
  5101 | D:7      | Found a glowing golden altar of the Shining One.
  5104 | D:7      | Found a hide-covered altar of Uskayaw.
  5107 | D:7      | Found a burning altar of Makhleb.
  5208 | D:7      | Reached skill level 5 in Fighting
  5208 | D:7      | Reached skill level 5 in Invocations
  5292 | D:7      | Reached ***** piety under Lugonu
  5345 | D:7      | Reached skill level 5 in Dodging
  5363 | D:7      | Found Ashiryphus's Antique Weapon Emporium.
  5782 | D:8      | Reached XP level 10. HP: 87/96 MP: 13/13
  5787 | D:8      | Found a staircase to the Lair.
  6719 | D:9      | Found Ferghewn's Assorted Antiques.
  6722 | D:9      | Bought an orange potion for 22 gold pieces
  6722 | D:9      | Bought a fizzy brown potion for 22 gold pieces
  6722 | D:9      | Bought a shiny kite shield for 187 gold pieces
  6868 | D:9      | Reached skill level 1 in Shields
  7595 | D:10     | Entered Level 10 of the Dungeon
  7762 | D:10     | Noticed a two-headed ogre
  7769 | D:10     | Killed a two-headed ogre
  7777 | D:10     | Noticed Sonja
  7827 | D:10     | Killed Sonja
  7827 | D:10     | Reached ****** piety under Lugonu
  7929 | D:10     | Reached XP level 11. HP: 107/107 MP: 15/15
  7973 | D:10     | Found Muuf's Book Emporium.
  8261 | D:11     | Noticed a boulder beetle
  8359 | D:11     | Killed a boulder beetle
  8661 | D:11     | Noticed Harold
  8683 | D:11     | Killed Harold
  8829 | D:11     | Killed an unseen horror
  8830 | D:11     | Reached skill level 5 in Shields
  9141 | D:11     | Found a transporter.
  9142 | D:11     | Noticed Gwrg's ghost (journeyman DrFE)
  9198 | D:11     | Found a transporter.
  9209 | D:11     | Noticed a red ugly thing
  9224 | D:11     | Killed a red ugly thing
  9443 | D:11     | Found a staircase to the Orcish Mines.
  9559 | D:11     | Killed an unseen horror
  9668 | D:11     | You fall into a shaft and drop 2 floors!
  9673 | D:13     | Found a flagged portal.
  9709 | Bailey   | Entered a bailey
 10000 | D:13     | Found a bloodstained altar of Trog.
 10018 | D:13     | Noticed a red ugly thing
 10109 | D:11     | Noticed a brown ugly thing
 10117 | D:11     | Killed a brown ugly thing
 10286 | D:12     | Found Iqeb Lurore's General Store.
 10327 | D:12     | Bought a scroll of identify for 28 gold pieces
 10327 | D:12     | Bought a scroll of identify for 28 gold pieces
 10374 | D:12     | Noticed a deep elf mage
 10385 | D:12     | Killed a deep elf mage
 10386 | D:12     | Noticed a white ugly thing
 10400 | D:12     | Banished a white ugly thing
 10401 | D:12     | Reached XP level 12. HP: 32/119 MP: 12/17
 11062 | D:12     | Found a runed translucent gate.
 11062 | D:12     | Found a runed translucent gate.
 11062 | D:12     | Found a runed translucent gate.
 11062 | D:12     | Noticed Umpaqoo's ghost (journeyman GrEE)
 11120 | D:13     | Noticed a tengu warrior
 11134 | D:13     | Killed a tengu warrior
 11265 | D:13     | Noticed a two-headed ogre
 11267 | D:13     | Noticed a vault guard
 11280 | D:13     | Killed a two-headed ogre
 11295 | D:13     | Killed a vault guard
 11314 | D:13     | Found a gate to the Vaults.
 11600 | D:13     | Noticed a two-headed ogre
 11611 | D:13     | Killed a two-headed ogre
 12012 | D:14     | Reached skill level 1 in Armour
 12208 | D:14     | Noticed a boulder beetle
 12228 | D:14     | Killed a boulder beetle
 12229 | D:14     | Reached XP level 13. HP: 86/130 MP: 18/18
 13077 | D:15     | Entered Level 15 of the Dungeon
 13292 | D:15     | Noticed Roxanne
 13325 | D:15     | Killed Roxanne
 13602 | D:15     | Reached skill level 11 in Unarmed Combat
 13671 | D:15     | Reached skill level 10 in Shields
 13684 | D:15     | Found a staircase to the Depths.
 13769 | D:15     | Found a one-way gate to the infinite horrors of the Abyss.
 13769 | D:15     | Found a corrupted altar of Lugonu.
 14469 | D:12     | Killed Umpaqoo's ghost
 14660 | D:11     | Killed Gwrg's ghost
 14725 | D:11     | Identified a scroll of acquirement
 14912 | Lair:1   | Entered Level 1 of the Lair of Beasts
 14932 | Lair:1   | Found a gate leading to a gauntlet.
 14942 | Gauntlet | Entered a Gauntlet
 14942 | Gauntlet | Found a transporter.
 14942 | Gauntlet | Found a transporter.
 14942 | Gauntlet | Found a transporter.
 14942 | Gauntlet | Found a transporter.
 14963 | Gauntlet | Found a transporter.
 14973 | Gauntlet | Found a transporter.
 14977 | Gauntlet | Found a transporter.
 14987 | Gauntlet | Found a transporter.
 15004 | Gauntlet | Found a large runed translucent door.
 15005 | Gauntlet | Found a large runed translucent door.
 15006 | Gauntlet | Found a large runed translucent door.
 15006 | Gauntlet | Found a large runed translucent door.
 15007 | Gauntlet | Found a runed translucent gate.
 15008 | Gauntlet | Found a large runed translucent door.
 15008 | Gauntlet | Found a large runed translucent door.
 15008 | Gauntlet | Found a runed translucent door.
 15009 | Gauntlet | Found a large runed translucent door.
 15010 | Gauntlet | Found a large runed translucent door.
 15032 | Gauntlet | Found a transporter.
 15078 | Gauntlet | Found a transporter.
 15078 | Gauntlet | Found a transporter.
 15080 | Gauntlet | Found a large runed translucent door.
 15081 | Gauntlet | Found a large runed translucent door.
 15082 | Gauntlet | Found a large runed translucent door.
 15082 | Gauntlet | Found a large runed translucent door.
 15082 | Gauntlet | Found a runed translucent door.
 15083 | Gauntlet | Found a large runed translucent door.
 15084 | Gauntlet | Found a large runed translucent door.
 15085 | Gauntlet | Found a large runed translucent door.
 15085 | Gauntlet | Found a large runed translucent door.
 15086 | Gauntlet | Found a runed translucent gate.
 15086 | Gauntlet | Found a runed translucent gate.
 15088 | Gauntlet | Found a transporter.
 15275 | Gauntlet | Reached XP level 14. HP: 141/141 MP: 19/19
 15534 | Gauntlet | Acquired a scarf of shadows
 15535 | Gauntlet | Acquired a manual of Fighting
 16556 | Lair:2   | Found a staircase to the Shoals.
 16592 | Lair:2   | Noticed Fannar
 16626 | Lair:2   | Killed Fannar
 16627 | Lair:2   | Reached skill level 10 in Fighting
 17654 | Lair:3   | Reached skill level 5 in Armour
 17754 | Lair:3   | Found a transporter.
 17864 | Lair:3   | Reached skill level 10 in Dodging
 18153 | Lair:3   | Found a transporter.
 18945 | Lair:3   | Identified the Compendium of Igneous Weightlessness
 19147 | Lair:4   | Found a frozen archway.
 19223 | IceCv    | Entered an ice cave
 19289 | IceCv    | Reached skill level 12 in Unarmed Combat
 19677 | IceCv    | Noticed a frost giant
 19693 | IceCv    | Killed a frost giant
 20091 | Lair:4   | Reached XP level 15. HP: 85/154 MP: 20/20
 20497 | Lair:4   | Found a hole to the Spider Nest.
 20789 | Lair:5   | Found a viscous altar of Jiyva.
 20793 | Lair:5   | Found a staircase to the Slime Pits.
 22480 | Lair:5   | Reached skill level 13 in Unarmed Combat
 23010 | Orc:1    | Entered Level 1 of the Orcish Mines
 23084 | Orc:2    | Entered Level 2 of the Orcish Mines
 23084 | Orc:2    | Found a staircase to the Elven Halls.
 23756 | Orc:2    | Found Umarch's Antique Weapon Boutique.
 24003 | Orc:2    | Found Memufyhe's Distillery.
 24003 | Orc:2    | Found Gilaly's Distillery.
 24005 | Orc:2    | Found Bilo's General Store.
 24007 | Orc:2    | Found Luad's Armour Shop.
 24012 | Orc:2    | Bought a potion of heal wounds for 50 gold pieces
 24012 | Orc:2    | Bought a potion of heal wounds for 50 gold pieces
 24012 | Orc:2    | Bought a potion of heal wounds for 50 gold pieces
 24012 | Orc:2    | Bought a potion of curing for 30 gold pieces
 24012 | Orc:2    | Bought a potion of curing for 30 gold pieces
 24013 | Orc:2    | Bought a potion of curing for 42 gold pieces
 24013 | Orc:2    | Bought a potion of curing for 42 gold pieces
 24015 | Orc:2    | Bought +2 shadow dragon scales for 1472 gold pieces
 24265 | Orc:2    | Noticed Josephine
 24272 | Orc:2    | Killed Josephine
 24711 | Shoals:1 | Entered Level 1 of the Shoals
 25560 | Shoals:1 | Noticed Louise
 25562 | Shoals:1 | Reached XP level 16. HP: 157/170 MP: 21/21
 25566 | Shoals:1 | Found a hide-covered altar of Uskayaw.
 25600 | Shoals:2 | HP: 2/170 [wind drake/the air (15)]
 25849 | Shoals:2 | Killed Louise
 26359 | Shoals:1 | Reached skill level 14 in Unarmed Combat
 26997 | Shoals:2 | HP: 8/172 [alligator snapping turtle (27)]
 26997 | Shoals:2 | HP: 3/172 [alligator (5)]
 27311 | Spider:1 | Entered Level 1 of the Spider Nest
 29629 | Spider:2 | Reached XP level 17. HP: 165/182 MP: 22/22
 29774 | Spider:2 | Reached skill level 15 in Unarmed Combat
 30816 | Spider:4 | Entered Level 4 of the Spider Nest
 31310 | Spider:4 | HP: 6/182 [wolf spider (12)]
 31338 | Spider:4 | HP: 12/273 [poisoned by a redback]
 31343 | Spider:4 | HP: 8/273 [poisoned by a redback]
 31344 | Spider:4 | HP: 2/182 [something (3)]
 31345 | Spider:3 | Succumbed to a redback's poison

Illustrated notes

Levels and vault maps discovered:
D:1:      lightli_arrival_noodles, layout_loops_cross, serial_forest,
          infiniplex_forest_clump_tiny, infiniplex_forest_lined_room_2,
          infiniplex_forest_clump_curved, infiniplex_forest_fountain,
          infiniplex_forest_lined_4_way, infiniplex_forest_clump_long,
          infiniplex_forest_end_3, infiniplex_forest_lined_2, minmay_quantized
D:2:      cheibrodos_fertilizer, layout_basic, tgw_xom, lemuel_doored_altar,
          nicolae_qazlal_style_of_elements
D:3:      layout_basic
D:4:      layout_gridville, kennysheep_cluttered_room, minmay_joined_circles
D:5:      layout_basic, minmay_temple_entry_overgrown, grunt_nemelex_the_gamble,
          uniq_edmund
D:6:      layout_rooms, kennysheep_generic_room_5
D:7:      layout_gridville, grunt_temple_overflow_diamond, serial_shops,
          nicolae_shop_window_shopping, kennysheep_small_circle, uniq_pikel
D:8:      layout_basic, due_lair_maze_entry_diamond, kennysheep_potato
D:9:      layout_stronghold, serial_shops, nicolae_shop_behind_doors
D:10:     layout_cave_pools, serial_shops, shop, uniq_sonja
D:11:     layout_long_grid, hiddenorc2_lemuel,
          gammafunk_ghost_berserking_beasts, uniq_harold
D:12:     layout_roguey, gammafunk_ghost_necromancy, serial_shops, shop,
          minmay_misc_feat_rows
D:13:     layout_cave_pools, david_vaults_4, enter_bailey_3, basic_altar
D:14:     layout_loops_ring, minmay_misc_feat_ornament
D:15:     grunt_enter_depths_hoard, layout_rooms,
          amcnicky_altar_lugonu_corruption, uniq_roxanne
Temple:   eino_temple_rhombus
Lair:1:   layout_big_grid, gauntlet_entry_generic
Lair:2:   layout_regular_city, shoals_dummy_entry, uniq_fannar
Lair:3:   gammafunk_cloud_chamber, layout_cave_pods, grunt_megastairs_1,
          serial_bayou_shore_a, infiniplex_staircase_pool,
          minmay_lair_oklob_chamber
Lair:4:   layout_loops_ring, nicolae_spider_entry_orb_guardian,
          portal_ice_cave_demonic_guard
Lair:5:   regret_index_harrowing_hell_hive, layout_regular_city, slime_altar_1
Shoals:1: layout_shoals, regret_index_shoals_crete, uniq_louise
Shoals:2: layout_shoals, nicolae_shoals_siren_and_animal_friends
Spider:1: layout_chambers
Spider:2: layout_spider_delve, spiders_nest_spider_trap
Spider:3: layout_spider_delve
Spider:4: grunt_spider_rune_parallel
Orc:1:    layout_diamond_mine
Orc:2:    st_orc_rangers, layout_caves, serial_shops, shop,
          nicolae_orc_pool_cavern, uniq_josephine

Skill      XL: |  1  2  3  4  5  6  7  8  9 10 11 12 13 14 15 16 17 |
---------------+----------------------------------------------------+-----
Unarmed Combat | 3 4 5 6 7 9 10 11 12 13 14 15 | 15.5
Dodging        | 2 3 5 6 7 8 9 10 | 10.0
Invocations    | 2 4 5 7 8 |  8.0
Fighting       | 4 5 6 7 8 9 11 13 14 | 14.4
Shields        | 3 6 9 10 11 12 13 14 | 14.8
Armour         | 1 4 6 7 |  7.0

Action                   |  1- 3 |  4- 6 |  7- 9 | 10-12 | 13-15 | 16-18 || total
-------------------------+-------+-------+-------+-------+-------+-------++-------
Melee: Unarmed           |    74 |   129 |   272 |   874 |  1821 |   932 ||  4102
       Punch             |       |     4 |    11 |     7 |       |       ||    22
       Short sword       |       |       |       |     9 |       |       ||     9
Throw: Boomerang         |       |       |       |     6 |     1 |       ||     7
       Large rock        |       |       |       |       |    19 |       ||    19
       Javelin           |       |       |       |       |     3 |       ||     3
Invok: Banish            |       |       |       |     1 |     7 |     1 ||     9
       Bend Space        |       |       |       |       |     1 |     2 ||     3
Evoke: Wand              |       |       |       |       |     2 |       ||     2
       Condenser vane    |       |       |       |       |     1 |       ||     1
  Use: Scroll            |       |       |    12 |    16 |    12 |       ||    40
       Potion            |       |       |       |     1 |     4 |    16 ||    21
 Stab: Sleeping          |       |       |     2 |     8 |     1 |     3 ||    14
       Petrified         |       |       |       |       |     2 |       ||     2
Armor: Robe              |    42 |    38 |    62 |   171 |       |       ||   313
       Acid dragon scale |       |       |       |    22 |   382 |       ||   404
       Shadow dragon sca |       |       |       |       |   110 |   445 ||   555
Dodge: Dodged            |    42 |    68 |   173 |   303 |   684 |   279 ||  1549
Block: Kite shield       |       |       |       |   635 |   763 |       ||  1398
       Reflection        |       |       |       |    91 |   123 |    19 ||   233
       Tower shield      |       |       |       |       |  1654 |  1471 ||  3125

Table legend: (Time is in decaauts)
 A = Elapsed time spent in this place.
 B = Non-inter-level travel time spent in this place.
 C = Inter-level travel time spent in this place.
 D = Time resting spent in this place.
 E = Time spent auto-exploring this place.
 F = Levels seen in this place.
 G = Mean time per level.
                   A        B        C        D        E       F      G
               +--------+--------+--------+--------+--------+-----+--------+
         Total |  30782 |  29068 |   1714 |   2539 |  18188 |  33 |  932.8 |
       Dungeon |  14342 |  13292 |   1050 |    286 |   9365 |  15 |  956.1 |
        Temple |    197 |    179 |     18 |      0 |    178 |   1 |  197.0 |
          Lair |   6828 |   6411 |    417 |    547 |   4238 |   5 | 1365.6 |
        Shoals |   2381 |   2302 |     79 |    734 |    859 |   2 | 1190.5 |
   Spider Nest |   3892 |   3821 |     71 |    689 |   2151 |   4 |  973.0 |
  Orcish Mines |   1464 |   1386 |     78 |    281 |    721 |   2 |  732.0 |
         Abyss |     31 |     31 |      0 |      0 |     24 |   1 |   31.0 |
        Bailey |    263 |    263 |      0 |      0 |      0 |   1 |  263.0 |
      Ice Cave |    752 |    752 |      0 |      2 |    411 |   1 |  752.0 |
      Gauntlet |    627 |    627 |      0 |      0 |    239 |   1 |  627.0 |
               +--------+--------+--------+--------+--------+-----+--------+

Top non-repeatable levels by time:
  Lair:5: 2010 daAuts
    D:11: 1997 daAuts
Shoals:1: 1877 daAuts
Spider:1: 1846 daAuts
  Lair:3: 1690 daAuts
  Lair:2: 1204 daAuts
     D:9: 1194 daAuts
    D:14: 1123 daAuts
    D:12: 1091 daAuts
    D:15: 1054 daAuts
  Lair:4: 974 daAuts
  Lair:1: 948 daAuts
    D:13: 940 daAuts
   Orc:2: 903 daAuts
     D:5: 901 daAuts
